NYP
LOWELL SPINNERS @ HUDSON VALLEY RENEGADES
09/21/2047
 
TOP OF THE 1ST
Lowell Spinners batting - Pitching for Hudson Valley Renegades : RHP Cameron Bianchi
Pitching: RHP Cameron Bianchi
Batting: RHB Jim Hubbard 0-0: Ball
1-0: Ball
2-0: Foul Ball, location: 2F
2-1: Called Strike
2-2: Strikes out swinging
Batting: RHB Curt Stallings 0-0: Foul Ball, location: 2F
0-1: Fly out, F6 (Flyball, 6MD, EV 88.8 MPH)
Batting: RHB Dave Burwell 0-0: Ground out 5-3 (Groundball, 56D, EV 80.6 MPH)
Top of the 1st over - 0 runs, 0 hits, 0 errors, 0 left on base; Lowell 0 - Hudson Valley 0
BOTTOM OF THE 1ST
Hudson Valley Renegades batting - Pitching for Lowell Spinners : RHP Teruhiko Ushijima
Pitching: RHP Teruhiko Ushijima
Batting: LHB Jonathan Spino 0-0: Called Strike
0-1: Swinging Strike
0-2: Ball
1-2: Ball
2-2: Strikes out swinging wild pitch, reaches first!
Batting: SHB Josif Popovski 0-0: Ball
1-0: Ball
2-0: Called Strike
2-1: Fielders Choice at 2nd, 3-6 (Groundball, 3, EV 93.1 MPH)
Batting: LHB Helmut Steggall 0-0: Ball
1-0: Called Strike
Josif Popovski is caught stealing 2nd base 2-6
1-1: Called Strike
1-2: Ball
2-2: Foul Ball, location: 2F
2-2: Foul Ball, location: 2F
2-2: Foul Ball, location: 2F
2-2: Strikes out swinging
Bottom of the 1st over - 0 runs, 0 hits, 0 errors, 0 left on base; Lowell 0 - Hudson Valley 0
TOP OF THE 2ND
Lowell Spinners batting - Pitching for Hudson Valley Renegades : RHP Cameron Bianchi
Batting: RHB Mike Batko 0-0: Ball
1-0: Ball
2-0: Ball
3-0: Base on Balls
Batting: RHB Bobby Schimke 0-0: Called Strike
0-1: Called Strike
0-2: SINGLE (Groundball, 4MD, EV 98.1 MPH)
Mike Batko to second
Batting: SHB Salvador Padilla 0-0: Called Strike
0-1: Swinging Strike
0-2: Strikes out swinging
Batting: RHB Scott Hawkins 0-0: Ball
Wild Pitch!
Mike Batko to third
Bobby Schimke to second
1-0: Fly out, F8 (Flyball, 8LS, EV 81.2 MPH)
Batting: RHB Mike Strey 0-0: Ball
1-0: Foul Ball, location: 2F
1-1: Ground out 6-3 (Groundball, 56, EV 88.1 MPH)
Top of the 2nd over - 0 runs, 1 hit, 0 errors, 2 left on base; Lowell 0 - Hudson Valley 0
BOTTOM OF THE 2ND
Hudson Valley Renegades batting - Pitching for Lowell Spinners : RHP Teruhiko Ushijima
Batting: RHB Dave Galloway 0-0: Called Strike
0-1: Ball
1-1: Ball
2-1: Ball
3-1: Swinging Strike
3-2: Foul Ball, location: 2F
3-2: Foul Ball, location: 2F
3-2: Base on Balls
Batting: LHB Tony Zizumbo 0-0: Called Strike
0-1: Swinging Strike
0-2: Strikes out swinging
Batting: LHB Alex Genao 0-0: Ball
1-0: Ball
2-0: SINGLE (Groundball, 3D, EV 95.0 MPH)
Dave Galloway to second
Runner from 2nd tries for 3rd, SAFE, throw by RF made to third
Alex Genao to second
Batting: SHB Chris Lockart 0-0: Swinging Strike
0-1: SINGLE (Groundball, 4MD, EV 98.8 MPH)
Dave Galloway scores
Alex Genao to third
Runner from 3rd tries for Home, SAFE, throw by CF to home
Batting: LHB Jeremy Burton 0-0: Called Strike
0-1: Fly out, F3 (Popup, 3SF, EV 80.0 MPH)
Batting: RHB Evan Chalarian 0-0: Fielders Choice at 2nd, 6-4 (Groundball, 6, EV 106.2 MPH)
Bottom of the 2nd over - 2 runs, 2 hits, 0 errors, 1 left on base; Lowell 0 - Hudson Valley 2
TOP OF THE 3RD
Lowell Spinners batting - Pitching for Hudson Valley Renegades : RHP Cameron Bianchi
Batting: RHB Randy Schmitt 0-0: Called Strike
0-1: Ground out 6-3 (Groundball, 56, EV 105.6 MPH)
Batting: RHB Jim Hubbard 0-0: Ball
1-0: Ball
2-0: Called Strike
2-1: Ball
3-1: Foul Ball, location: 2F
3-2: Base on Balls
Batting: RHB Curt Stallings 0-0: Ball
1-0: Called Strike
1-1: Ball
2-1: Ball
3-1: Swinging Strike
3-2: Strikes out swinging
Batting: RHB Dave Burwell 0-0: Called Strike
0-1: Ball
1-1: Called Strike
1-2: Foul Ball, location: 2F
1-2: Ball
2-2: Ball
Wild Pitch!
Jim Hubbard to second
3-2: Foul Ball, location: 2F
3-2: Fly out, F7 (Line Drive, 7LM, EV 87.5 MPH)
Top of the 3rd over - 0 runs, 0 hits, 0 errors, 1 left on base; Lowell 0 - Hudson Valley 2
BOTTOM OF THE 3RD
Hudson Valley Renegades batting - Pitching for Lowell Spinners : RHP Teruhiko Ushijima
Batting: LHB Jonathan Spino 0-0: Ball
1-0: Foul Ball, location: 2F
1-1: Called Strike
1-2: SINGLE (Flyball, 8LS, EV 95.6 MPH)
Batting: SHB Josif Popovski 0-0: Fielders Choice at 2nd, 4-6 (Groundball, 4, EV 110.0 MPH)
Batting: LHB Helmut Steggall 0-0: Called Strike
Josif Popovski steals 2nd base
0-1: Ball
Josif Popovski steals 3rd base
1-1: Ground out 4-3 (Groundball, 34, EV 88.8 MPH)
Josif Popovski scores
Batting: RHB Dave Galloway 0-0: Fly out, F7 (Line Drive, 7, EV 90.6 MPH)
Bottom of the 3rd over - 1 run, 1 hit, 0 errors, 0 left on base; Lowell 0 - Hudson Valley 3
TOP OF THE 4TH
Lowell Spinners batting - Pitching for Hudson Valley Renegades : RHP Cameron Bianchi
Batting: RHB Mike Batko 0-0: Called Strike
0-1: Ball
1-1: Ball
2-1: Swinging Strike
2-2: Strikes out swinging
Batting: RHB Bobby Schimke 0-0: Ball
1-0: Reached via error on a dropped throw from 1B, E1 (Groundball, 34, EV 93.1 MPH)
Batting: SHB Salvador Padilla 0-0: Swinging Strike
0-1: Ball
1-1: Grounds out, U3 (Groundball, 3L, EV 112.5 MPH)
Batting: RHB Scott Hawkins 0-0: Called Strike
0-1: Called Strike
0-2: Ground out 2-3 (Groundball, 13S, EV 71.2 MPH)
Top of the 4th over - 0 runs, 0 hits, 1 error, 1 left on base; Lowell 0 - Hudson Valley 3
BOTTOM OF THE 4TH
Hudson Valley Renegades batting - Pitching for Lowell Spinners : RHP Teruhiko Ushijima
Batting: LHB Tony Zizumbo 0-0: Ball
1-0: Fly out, F8 (Flyball, 8RM, EV 88.8 MPH)
Batting: LHB Alex Genao 0-0: Ground out 6-3 (Groundball, 6M, EV 106.9 MPH)
Batting: SHB Chris Lockart 0-0: Called Strike
0-1: Ball
1-1: Called Strike
1-2: Ball
2-2: Strikes out looking
Bottom of the 4th over - 0 runs, 0 hits, 0 errors, 0 left on base; Lowell 0 - Hudson Valley 3
TOP OF THE 5TH
Lowell Spinners batting - Pitching for Hudson Valley Renegades : RHP Cameron Bianchi
Batting: RHB Mike Strey 0-0: Ball
1-0: Called Strike
1-1: DOUBLE (Line Drive, 9LM, EV 91.9 MPH)
Batting: RHB Randy Schmitt 0-0: Ball
1-0: Called Strike
1-1: Ground out 5-3 (Groundball, 56S, EV 85.0 MPH)
Batting: RHB Jim Hubbard 0-0: Called Strike
0-1: Fly out, F9 (Flyball, 9LS, EV 91.9 MPH)
Batting: RHB Curt Stallings 0-0: Foul Ball, location: 2F
0-1: Ball
1-1: Swinging Strike
1-2: Strikes out swinging
Top of the 5th over - 0 runs, 1 hit, 0 errors, 1 left on base; Lowell 0 - Hudson Valley 3
BOTTOM OF THE 5TH
Hudson Valley Renegades batting - Pitching for Lowell Spinners : RHP Teruhiko Ushijima
Batting: LHB Jeremy Burton 0-0: Ball
1-0: Foul Ball, location: 2F
1-1: Called Strike
1-2: Strikes out swinging
Batting: RHB Evan Chalarian 0-0: Ball
1-0: Ball
2-0: SOLO HOME RUN (Line Drive, 78XD, EV 111.9 MPH), Distance : 426 ft
Batting: LHB Jonathan Spino 0-0: Called Strike
0-1: Ball
1-1: Ball
2-1: Ball
3-1: Base on Balls
Batting: SHB Josif Popovski 0-0: Called Strike
0-1: Called Strike
Jonathan Spino is caught stealing 2nd base 2-6
0-2: Strikes out swinging
Bottom of the 5th over - 1 run, 1 hit, 0 errors, 0 left on base; Lowell 0 - Hudson Valley 4
TOP OF THE 6TH
Lowell Spinners batting - Pitching for Hudson Valley Renegades : RHP Cameron Bianchi
Batting: RHB Dave Burwell 0-0: Swinging Strike
0-1: Ball
1-1: Foul Ball, location: 2F
1-2: Strikes out swinging
Batting: RHB Mike Batko 0-0: Ball
1-0: Ball
2-0: DOUBLE (Flyball, 8RXD, EV 108.1 MPH)
Batting: RHB Bobby Schimke 0-0: Ball
1-0: Ball
2-0: Called Strike
2-1: Foul Ball, location: 2F
2-2: Strikes out swinging
Batting: SHB Salvador Padilla 0-0: Foul Ball, location: 2F
0-1: Foul Ball, location: 2F
0-2: Strikes out swinging
Top of the 6th over - 0 runs, 1 hit, 0 errors, 1 left on base; Lowell 0 - Hudson Valley 4
BOTTOM OF THE 6TH
Hudson Valley Renegades batting - Pitching for Lowell Spinners : RHP Teruhiko Ushijima
Batting: LHB Helmut Steggall 0-0: Ball
1-0: Called Strike
1-1: Swinging Strike
1-2: Foul Ball, location: 2F
1-2: Ball
2-2: Ball
3-2: Base on Balls
Batting: RHB Dave Galloway 0-0: Called Strike
0-1: Swinging Strike
0-2: Strikes out swinging
Batting: LHB Tony Zizumbo 0-0: Ball
1-0: Called Strike
1-1: Swinging Strike
1-2: Ball
2-2: Ball
3-2: DOUBLE (Line Drive, 9LS, EV 99.4 MPH)
Helmut Steggall to third
Helmut Steggall scores
Pitching: RHP Marco Benavente
Batting: LHB Alex Genao 0-0: Ball
1-0: Ball
2-0: Called Strike
Tony Zizumbo is caught stealing 3rd base 2-5
2-1: Ground out 4-3 (Groundball, 4, EV 85.0 MPH)
Bottom of the 6th over - 1 run, 1 hit, 0 errors, 0 left on base; Lowell 0 - Hudson Valley 5
TOP OF THE 7TH
Lowell Spinners batting - Pitching for Hudson Valley Renegades : RHP Cameron Bianchi
Batting: RHB Scott Hawkins 0-0: SINGLE (Line Drive, 8LS, EV 97.5 MPH)
Batting: RHB Mike Strey 0-0: Fly out, F8 (Flyball, 8RD, EV 96.9 MPH)
Batting: RHB Randy Schmitt 0-0: Swinging Strike
0-1: Fly out, F9 (Flyball, 89M, EV 75.6 MPH)
Batting: RHB Jim Hubbard 0-0: Ball
1-0: Ball
2-0: SINGLE (Line Drive, 89S, EV 89.4 MPH)
Scott Hawkins to second
Batting: RHB Curt Stallings 0-0: Called Strike
0-1: Ball
1-1: Ground out 6-3 (Groundball, 15, EV 78.1 MPH)
Top of the 7th over - 0 runs, 2 hits, 0 errors, 2 left on base; Lowell 0 - Hudson Valley 5
BOTTOM OF THE 7TH
Hudson Valley Renegades batting - Pitching for Lowell Spinners : RHP Marco Benavente
Batting: SHB Chris Lockart 0-0: SOLO HOME RUN (Flyball, 9LD, EV 90.0 MPH), Distance : 345 ft
Batting: LHB Jeremy Burton 0-0: Ground out 4-3 (Groundball, 4, EV 81.9 MPH)
Batting: RHB Evan Chalarian 0-0: Ground out 4-3 (Groundball, 34, EV 102.5 MPH)
Batting: LHB Jonathan Spino 0-0: Called Strike
0-1: Ball
1-1: Foul Ball, location: 2F
1-2: Strikes out swinging
Bottom of the 7th over - 1 run, 1 hit, 0 errors, 0 left on base; Lowell 0 - Hudson Valley 6
TOP OF THE 8TH
Lowell Spinners batting - Pitching for Hudson Valley Renegades : RHP Cameron Bianchi
Batting: RHB Dave Burwell 0-0: SOLO HOME RUN (Flyball, 78XD, EV 103.8 MPH), Distance : 423 ft
Batting: RHB Mike Batko 0-0: Ball
1-0: Ball
2-0: Ground out 6-3 (Groundball, 6, EV 81.9 MPH)
Batting: RHB Bobby Schimke 0-0: Ball
1-0: Swinging Strike
1-1: Ball
2-1: Ground out 6-3 (Groundball, 6S, EV 85.0 MPH)
Batting: SHB Salvador Padilla 0-0: Ball
1-0: Swinging Strike
1-1: Swinging Strike
1-2: Ball
2-2: Strikes out looking
Top of the 8th over - 1 run, 1 hit, 0 errors, 0 left on base; Lowell 1 - Hudson Valley 6
BOTTOM OF THE 8TH
Hudson Valley Renegades batting - Pitching for Lowell Spinners : RHP Marco Benavente
Batting: SHB Josif Popovski 0-0: Ball
1-0: Called Strike
1-1: Ball
2-1: Swinging Strike
2-2: Strikes out looking
Batting: LHB Helmut Steggall 0-0: Called Strike
0-1: Called Strike
0-2: Ball
1-2: Ground out 3-1 (Groundball, 34, EV 101.2 MPH)
Batting: RHB Dave Galloway 0-0: Ball
1-0: Swinging Strike
1-1: Swinging Strike
1-2: Ball
2-2: Strikes out swinging
Bottom of the 8th over - 0 runs, 0 hits, 0 errors, 0 left on base; Lowell 1 - Hudson Valley 6
TOP OF THE 9TH
Lowell Spinners batting - Pitching for Hudson Valley Renegades : RHP Cameron Bianchi
Pitching: LHP Toshiaki Wada
Batting: RHB Scott Hawkins 0-0: Ball
1-0: Swinging Strike
1-1: Swinging Strike
1-2: Strikes out swinging
Batting: RHB Mike Strey 0-0: SOLO HOME RUN (Flyball, 9D, EV 95.0 MPH), Distance : 372 ft
Batting: RHB Randy Schmitt 0-0: Foul Ball, location: 2F
0-1: Foul Ball, location: 2F
0-2: Fly out, F9 (Flyball, 9S, EV 86.2 MPH)
Batting: RHB Jim Hubbard 0-0: Called Strike
0-1: Swinging Strike
0-2: Ball
1-2: Strikes out swinging
Top of the 9th over - 1 run, 1 hit, 0 errors, 0 left on base; Lowell 2 - Hudson Valley 6
Thursday, December 15th , 2022 - OOTP Baseball 23.9 Build 102